 Dungeon Crawl Stone Soup version 0.31.0-9-g3a7656b989 (webtiles) character file.

Game seed: 13435766755193531280

8493 shadowrider38 the Placeless Armataur (level 11, -1/88 HPs)
             Began as an Armataur Conjurer on Jan 24, 2024.
             Was a Believer of Ashenzari.
             Killed from afar by an acid dragon (26 damage)
             ... with a splash of acid
             ... on level 10 of the Dungeon.
             The game lasted 00:36:31 (4030 turns).

shadowrider38 the Placeless Armataur (AtCj)         Turns: 4030, Time: 00:36:31

Health: -1/88      AC:  7    Str: 13    XL:     11   Next: 10%
Magic:  30/30      EV:  8    Int: 23    God:    Ashenzari [**....]
Gold:   184        SH:  4    Dex:  8    Spells: 16/23 levels left

rFire   . . .        a - +2 short sword of Ouranomancy {venom, Elem, Range} (curse)
rCold   . . .        d - +0 buckler
rNeg    . . .        p - +0 leather armour
rPois   .            v - +1 helmet of the Lashed Comet {Comp, Melee} (curse)
rElec   .            m - +0 cloak "Revealing Malaise" {Self, Range} (curse)
rCorr   .            (no gloves)
SInv    +            (no barding)
Will    .....        r - amulet of regeneration
Stlth   +            w - ring of wizardry
HPRegen 3.09/turn    u - ring of magical power
MPRegen 1.21/turn

%: roll, wizardry (x1)
@: no status effects
A: large, deformed body, tough skin 3, armoured tail, roll 2
a: Renounce Religion, Shatter the Chains


You were on level 10 of the Dungeon.
You worshipped Ashenzari.
Ashenzari was pleased with you.
You visited 2 branches of the dungeon, and saw 11 of its levels.

You collected 401 gold pieces.
You spent 217 gold pieces at shops.

Inventory:

Hand Weapons
 a - the cursed +2 short sword of Ouranomancy (weapon) {venom, Elem, Range}
   (You found it on level 5 of the Dungeon)

   It has a curse which improves the following skills: Elements: Fire Magic, Ice
   Magic, Air Magic and Earth Magic.
   Ranged Combat: Ranged Weapons and Throwing.
 i - a +1 dagger of venom
 x - a +2 whip of flaming
 I - a +0 demon whip of venom
Missiles
 t - a boomerang
 F - 6 curare-tipped darts
Armour
 d - a +0 buckler (worn)
 h - an orb of guile
 m - the cursed +0 cloak "Revealing Malaise" (worn) {Self, Range}
   (You found it on level 5 of the Dungeon)

   It has a curse which improves the following skills: Introspection: Fighting
   and Spellcasting.
   Ranged Combat: Ranged Weapons and Throwing.
 p - a +0 leather armour (worn)
 v - the cursed +1 helmet of the Lashed Comet (worn) {Comp, Melee}
   (You found it on level 4 of the Dungeon)

   It has a curse which improves the following skills: Companions: Summonings
   and Necromancy.
   Melee Combat: Short Blades, Long Blades, Axes, Maces & Flails, Polearms,
   Staves and Unarmed Combat.
Jewellery
 o - a ring of poison resistance
 r - an amulet of regeneration (around neck)
 u - a ring of magical power (right hand)
 w - a ring of wizardry (left hand)
Talismans
 q - a blade talisman
 y - a serpent talisman
Wands
 C - a wand of quicksilver (10)
 D - a wand of digging (5)
 E - a wand of charming (11)
 V - a wand of flame (28)
Scrolls
 c - 2 scrolls of amnesia
 e - a scroll of vulnerability
 f - 3 scrolls of enchant weapon
 j - 2 scrolls of noise
 s - 3 scrolls of poison
 B - a scroll of blinking
 G - a scroll of revelation
 T - 2 scrolls of teleportation
Potions
 b - a potion of magic
 g - 2 potions of lignification
 k - a potion of cancellation
 l - 2 potions of heal wounds
 n - 3 potions of degeneration
 z - a potion of attraction
 A - a potion of enlightenment
 Q - 4 potions of curing


   Skills:
 - Level 4.1(5.2) Fighting
 - Level 1.3 Dodging
 - Level 2.1 Stealth
 - Level 4.0 Shields
 + Level 5.6(6.7) Spellcasting
 - Level 10.0 Conjurations
 + Level 3.7(4.7) Summonings
 - Level 10.0 Translocations


You had 16 spell levels left.
You knew the following spells:

 Your Spells              Type           Power      Damage    Failure   Level
a - Magic Dart            Conj           100%       1d8       1%          1
b - Searing Ray           Conj           100%       2d8       1%          2
c - Iskenderun's Mystic   Conj/Tloc      52%        2d11      1%          4

Your spell library contained the following spells:

 Spells                   Type           Power      Damage    Failure   Level
 Stone Arrow              Conj/Erth      62%        3d10      1%          3
 Summon Ice Beast         Ice/Summ       19%        N/A       6%          3
 Fulminant Prism          Conj/Alch      15%        3d10      7%          4
 Cigotuvi's Dreadful Rot  Necr/Alch/Air  16%        N/A       9%          2
 Mercury Vapours          Alch/Air       16%        N/A       9%          2
 Animate Armour           Summ/Erth      38%        N/A       21%         4
 Martyr's Knell           Necr/Summ      19%        N/A       21%         4
 Dispel Undead            Necr           8%         3d8       45%         4
 Olgreb's Toxic Radiance  Alch           7%         N/A       45%         4
 Summon Mana Viper        Hex/Summ       18%        N/A       47%         5
 Monstrous Menagerie      Summ           14%        N/A       99%         7
 Death Channel            Necr           4%         N/A       100%        6
 Eringya's Noxious Bog    Alch           3%         4d6       100%        6
 Lehudib's Crystal Spear  Conj/Erth      15%        10d5      100%        8


Dungeon Overview and Level Annotations

Branches:
Dungeon (10/15) Zot: 26403  Temple (1/1) D:6 Zot: 5987    Lair (0/5) D:9
    Orc: D:9-12

Altars:
Ashenzari
Cheibriados
Dithmenos
Elyvilon
Fedhas
Gozag
Hepliaklqana
Kikubaaqudgha
Nemelex Xobeh
Okawaru
Qazlal
Ru
Sif Muna
Trog
Uskayaw
Vehumet
Wu Jian
Xom
Yredelemnul
Zin
The Shining One

Shops:
D:1 :   D:6 *   D:9 **[

Annotations:
D:3 exclusion: downstairs
D:5 exclusion: downstairs
D:10 Gastronok, Maggie


Innate Abilities, Weirdness & Mutations

Armour fits poorly on your strangely shaped body.
You have extremely tough skin. (AC +3)
You have a long armoured tail.
You regenerate magic and health when rolling toward enemies. (Rampage Regen)


Message History

The yak is almost dead.
The yak gores you!
Gastronok gurgles.
Unknown command.
Unknown command.
Unknown command.
As you read the scroll of teleportation, it crumbles to dust.
You feel strangely unstable.
Maggie says, "Fear not.
I will immortalise you in the tale of my first kill."
Maggie casts a spell.
Maggie attempts to bespell you! You resist with almost no effort.
The yak gores you!
Unknown command.
Unknown command.
Unknown command.
Casting: Iskenderun's Mystic Blast (mildly dangerous; 1% risk of failure)
Confirm with . or Enter, or press ? or * to list all spells.
You erupt in a blast of force!
The mystic blast hits the yak!
The yak is moderately wounded.
The yak is knocked back by the mystic blast.
The mystic blast hits the yak!
You kill the yak!
The mystic blast hits the yak!!
You kill the yak!
Your surroundings seem slightly different.
Found a scroll of fog and 14 gold pieces.
The acid dragon spits acid at you. The splash of acid hits you!!
* * * LOW HITPOINT WARNING * * *
The acid corrodes you!
Gastronok's eyestalks stretch out, then return to normal size.
Unknown command.
Blink to where?
Press: ? - help, Dir - move target
Found 15 gold pieces.
As you read the scroll of blinking, it crumbles to dust.
Unknown command.
Okay, then.
Aiming: Charm
Press: ? - help, Shift-Dir - straight line, f - wraith
Aim: a wraith (translocational energy, heavily damaged, chance to affect: 17%)
Okay, then.
Okay, then.
Okay, then.
Your magical effects are unravelling.
You feel magically purged.
You feel yourself speed up.
You are no longer corroded.
The acid dragon spits acid at you. The splash of acid hits you!!
You die...

##### #.$.# ####
#...# .
.....#...###...
...............
......>.
.......@.......
....[..
..............#
#......
..............#
#......
..........$...#
#......
..###.......?.#
#...... .
#.......W.####......
..........D......#..
.....###...Y.D.......
##+#..........


You could see a yak, a wraith and an acid dragon (catching breath).

Vanquished Creatures
  2 two-headed ogres
  Amaemon (D:8)
  Pikel (D:4)
  A deep elf zephyrmancer (D:9)
  Joseph (D:9)
  An orange demon (D:8)
  Grinder (D:4)
  A shadow (D:10)
  8 yaks (D:10)
  Edmund (D:5)
  4 water moccasins (D:6)
  5 orc warriors
  4 ice beasts
  A black bear (D:7)
  A sky beast (D:8)
  2 centaurs
  2 phantoms (D:5)
  4 lemures (D:3)
  A kobold brigand (D:9)
  Blork the orc (D:5)
  3 bullfrogs
  4 scorpions
  5 wights (D:7)
  4 killer bees (D:7)
  5 howler monkeys
  2 bombardier beetles (D:3)
  A hound (D:6)
  3 jellies
  3 orc priests
  A sleepcap (D:5)
  Ijyb (D:4)
  Jessica (D:2)
  6 orc wizards
  4 gnolls (D:6)
  9 adders
  A white imp (D:6)
  4 ufetubi
  2 ribbon worms (D:2)
  A dart slug (D:5)
  19 orcs
  5 ball pythons
  5 bats
  6 endoplasms
  3 giant cockroaches (D:2)
  4 hobgoblins
  11 jackals
  6 quokkas
  A frilled lizard (D:3)
  8 goblins
  15 kobolds
  5 rats
191 creatures vanquished.

Notes
Turn   | Place    | Note
-------+----------+-------------------------------------------
     0 | D:1      | shadowrider38 the Armataur Conjurer began the quest for the
                  | Orb.
     0 | D:1      | Reached XP level 1. HP: 14/14 MP: 3/3
    84 | D:1      | Found Myptom's Book Shoppe.
   104 | D:1      | Reached XP level 2. HP: 20/20 MP: 0/4
   107 | D:1      | Learned a level 2 spell: Searing Ray
   526 | D:2      | Reached XP level 3. HP: 21/26 MP: 3/6
   573 | D:2      | Found a hide-covered altar of Uskayaw.
   587 | D:2      | Noticed Jessica
   594 | D:2      | Killed Jessica
   853 | D:2      | Reached XP level 4. HP: 31/33 MP: 3/7
   858 | D:2      | Learned a level 4 spell: Iskenderun's Mystic Blast
  1058 | D:3      | Reached skill level 3 in Translocations
  1071 | D:5      | Entered Level 5 of the Dungeon
  1134 | D:4      | Noticed Grinder
  1134 | D:4      | Noticed Pikel
  1134 | D:4      | Noticed a lemure
  1134 | D:4      | Noticed a lemure
  1134 | D:4      | Noticed a lemure
  1134 | D:4      | Noticed a lemure
  1150 | D:3      | Killed a lemure
  1153 | D:3      | Killed a lemure
  1318 | D:3      | Reached XP level 5. HP: 35/38 MP: 6/8
  1433 | D:3      | Found a faded altar of an unknown god.
  1478 | D:3      | Killed a lemure
  1479 | D:3      | Killed a lemure
  1654 | D:4      | Paralysed by Grinder for 5 turns
  1688 | D:4      | Paralysed by Grinder for 4 turns
  1697 | D:4      | Paralysed by Grinder for 4 turns
  1709 | D:4      | Killed Grinder
  1710 | D:4      | Reached XP level 6. HP: 39/45 MP: 0/9
  1740 | D:4      | Found a shimmering blue altar of Sif Muna.
  1821 | D:4      | Noticed Ijyb
  1832 | D:4      | Killed Ijyb
  1916 | D:4      | Gained mutation: You regenerate magic and health when
                  | rolling toward enemies. (Rampage Regen) [Armataur growth]
  1916 | D:4      | Reached XP level 7. HP: 50/50 MP: 7/10
  1927 | D:4      | Found a basalt altar of Yredelemnul.
  1999 | D:4      | Killed Pikel
  2000 | D:4      | Reached XP level 8. HP: 51/57 MP: 11/11
  2161 | D:5      | Got the Exposition on Compounds
  2293 | D:5      | Noticed Edmund
  2304 | D:5      | Killed Edmund
  2319 | D:5      | Noticed Blork the orc
  2326 | D:5      | Killed Blork the orc
  2550 | D:6      | Noticed a two-headed ogre
  2563 | D:6      | Killed a two-headed ogre
  2564 | D:6      | Reached skill level 9 in Translocations
  2564 | D:6      | Reached XP level 9. HP: 62/62 MP: 12/12
  2576 | D:6      | Found Nappaf's Serpentskin Sales.
  2610 | D:6      | Reached skill level 9 in Conjurations
  2696 | D:6      | Found a staircase to the Ecumenical Temple.
  2705 | Temple   | Entered the Ecumenical Temple
  2710 | Temple   | Became a worshipper of Ashenzari the Shackled
  2880 | D:7      | Reached XP level 10. HP: 72/72 MP: 13/13
  2929 | D:7      | Noticed a cyclops
  3239 | D:8      | Noticed Amaemon
  3239 | D:8      | Noticed an orange demon
  3248 | D:8      | Killed an orange demon
  3249 | D:8      | Reached skill level 3 in Spellcasting
  3252 | D:8      | Killed Amaemon
  3253 | D:8      | Reached skill level 3 in Fighting
  3259 | D:8      | Reached * piety under Ashenzari
  3387 | D:9      | Found Qiteig Qufi's Assorted Antiques.
  3393 | D:9      | Bought a scroll of blinking for 217 gold pieces
  3405 | D:9      | Found Nunyas's Fire Supplies.
  3443 | D:10     | Entered Level 10 of the Dungeon
  3527 | D:9      | Found a radiant altar of Vehumet.
  3533 | D:9      | Reached skill level 3 in Shields
  3538 | D:9      | Noticed Joseph
  3555 | D:9      | Killed Joseph
  3582 | D:9      | Reached ** piety under Ashenzari
  3590 | D:9      | Found a staircase to the Lair.
  3767 | D:9      | Noticed a deep elf zephyrmancer
  3773 | D:9      | Killed a deep elf zephyrmancer
  3807 | D:9      | Found Liolabeu's Armour Shoppe.
  3995 | D:10     | Noticed a two-headed ogre
  4008 | D:10     | Killed a two-headed ogre
  4009 | D:10     | Noticed Maggie
  4010 | D:10     | Noticed Gastronok
  4016 | D:10     | Reached skill level 3 in Summonings
  4019 | D:10     | Reached XP level 11. HP: 39/88 MP: 20/20
  4030 | D:10     | Killed from afar by an acid dragon

Illustrated notes

Levels and vault maps discovered:
D:1:      saegor_arrival_simple_c, layout_loops_ring, serial_shops,
          nicolae_square_shop, st_stairs_10, corner_web_ring, roderic_lattice_a,
          nrook_mini_vaults, hangedman_decor_clover_reticule,
          hangedman_decor_lopped
D:2:      layout_loops_ring, basic_altar, minivault_19, uniq_jessica
D:3:      layout_loops_ring, makhleb_altar_promises_db,
          ebering_ecumenical_altar_hall
D:4:      layout_basic, mainiacjoe_overflow_alcove_4, tgw_sif, uniq_grinder,
          uniq_pikel, uniq_ijyb
D:5:      layout_basic, uniq_edmund, uniq_blork_the_orc
D:6:      layout_cave_pools, minmay_temple_entry_junction, portal_sewer_entry_d,
          guppyfry_shop_venom
D:7:      kennysheep_big_flooded_room, layout_cave_pools
D:8:      layout_cave_pods, serial_rivers, chequers_serial_rivers_micro_c,
          chequers_serial_rivers_marsh, chequers_serial_rivers_marsh,
          chequers_serial_rivers_small_3, chequers_serial_rivers_room_b,
          chequers_serial_rivers_marsh, uniq_amaemon
D:9:      layout_gridville, vehumet_altar_wand_db, dpeg_oklobed_lair,
          serial_shops, nicolae_shop_waterfront, kennysheep_little_box,
          serial_bayou_pond_c, nicolae_shop_fire_sale [nicolae_sub_dead_trees],
          guppyfry_early_elven_hall, uniq_joseph
D:10:     layout_basic, uniq_grum, uniq_maggie, uniq_fannar, uniq_gastronok
Temple:   regret_index_temple_chain_breaker

Skill      XL: |  1  2  3  4  5  6  7  8  9 10 |
---------------+-------------------------------+-----
Translocations | 1 2 3 5 7 9 10 | 10.0
Spellcasting   | 2 5 |  5.6
Conjurations   | 4 5 6 8 9 10 | 10.0
Fighting       | 1 4 |  4.1
Shields        | 4 |  4.0
Summonings     | 3 |  3.7
Dodging        | |  1.3
Stealth        | |  2.1

Action                     |  1- 3 |  4- 6 |  7- 9 | 10-12 || total
---------------------------+-------+-------+-------+-------++-------
  Melee: Unarmed           |     3 |       |       |       ||     3
         Tailslap          |     2 |       |     3 |     2 ||     7
         Dagger            |     7 |    20 |     6 |       ||    33
         Short sword       |     2 |       |    23 |    18 ||    43
         Whip              |       |       |     9 |       ||     9
  Throw: Dart              |       |       |       |     1 ||     1
   Cast: Magic Dart        |    23 |    11 |     4 |       ||    38
         Searing Ray       |    18 |    38 |     8 |       ||    64
         Iskenderun's Myst |       |       |    81 |    67 ||   148
 Invoke: Curse Item        |       |       |       |     3 ||     3
  Evoke: Wand              |       |     5 |       |       ||     5
    Use: Scroll            |     1 |     8 |     3 |     4 ||    16
         Potion            |       |       |     4 |     1 ||     5
   Stab: Sleeping          |     2 |     1 |     1 |     1 ||     5
 Armour: Robe              |    29 |       |       |       ||    29
         Leather armour    |       |    64 |    78 |    71 ||   213
  Dodge: Dodged            |    13 |    35 |    46 |    25 ||   119
  Block: Buckler           |       |       |       |     9 ||     9
